 Dungeon Crawl Stone Soup version 0.28.0 (webtiles) character file.

Game seed: 17861876138399393310

41 crazypyro the Skirmisher (level 3, -4/33 HPs)
             Began as a Minotaur Fighter on Feb 10, 2022.
             Slain by a gnoll (11 damage)
             ... on level 2 of the Dungeon.
             The game lasted 00:01:20 (900 turns).

crazypyro the Skirmisher (Minotaur Fighter)          Turns: 900, Time: 00:01:21

Health: -4/33      AC:  7    Str: 22    XL:     3   Next: 32%
Magic:  2/2        EV:  9    Int:  5    God:
Gold:   43         SH:  4    Dex:  9    Spells: 2/2 levels left

rFire   . . .      SeeInvis .   a - +0 war axe
rCold   . . .      Faith    .   c - +0 buckler
rNeg    . . .      Spirit   .   b - +0 scale mail
rPois   .          Reflect  .   (helmet restricted)
rElec   .          Harm     .   (no cloak)
rCorr   .          Rampage  .   (no gloves)
Will    .....                   (no boots)
Stlth   ..........              (no amulet)
HPRegen 0.11/turn               (no ring)
MPRegen 0.08/turn               (no ring)

@: no status effects
A: horns 2, retaliatory headbutt
a: no special abilities


You were on level 2 of the Dungeon.
You visited 1 branch of the dungeon, and saw 2 of its levels.

You collected 43 gold pieces.

Inventory:

Hand Weapons
 a - a +0 war axe (weapon)
Armour
 b - a +0 scale mail (worn)
 c - a +0 buckler (worn)
Scrolls
 e - 2 scrolls of enchant armour {unknown}
Potions
 d - a potion of might


   Skills:
 + Level 4.0 Fighting
 * Level 3.4 Axes
 + Level 4.0 Armour
 + Level 4.0 Shields


You had 2 spell levels left.
You didn't know any spells.
Your spell library contained the following spells:

 Spells                   Type           Power      Damage    Failure   Level
 Ensorcelled Hibernation  Hex/Ice        0%         N/A       95%         2
 Passwall                 Tmut/Erth      0%         N/A       95%         2
 Swiftness                Air            0%         N/A       99%         3


Dungeon Overview and Level Annotations

Branches:
Dungeon (2/15)

Altars:


Innate Abilities, Weirdness & Mutations

You have a pair of horns on your head.
You reflexively headbutt those who attack you in melee.


Message History

The gnoll hits you from afar with a +1 halberd of protection.
You barely miss the endoplasm. You headbutt the endoplasm.
You kill the endoplasm!
You closely miss the giant cockroach. You closely miss the gnoll.
The giant cockroach bites you. The gnoll hits you with a +0 whip.
The gnoll barely misses you. The giant cockroach barely misses you.
Your Shields skill increases to level 4!
Unknown command.
You slash the gnoll!
The gnoll is almost dead.
The gnoll completely misses you. You furiously retaliate!
You headbutt the gnoll, but do no damage.
You barely miss the gnoll. Your headbutt misses the gnoll.
The gnoll is almost dead.
The gnoll hits you with a +0 whip. The gnoll misses you.
You barely miss the gnoll.
The gnoll is almost dead.
The gnoll closely misses you.
You closely miss the gnoll. Your headbutt misses the gnoll.
The gnoll is almost dead.
The gnoll hits you with a +0 whip.
* * * LOW HITPOINT WARNING * * *
You hit the gnoll.
You kill the gnoll!
Your Armour skill increases to level 4!
You have reached level 3!
Your experience leads to an increase in your attributes!
Increase (S)trength, (I)ntelligence, or (D)exterity?
You feel stronger. x2
You slash the endoplasm!
You kill the endoplasm!
You hit the giant cockroach but do no damage.
The giant cockroach barely misses you. You furiously retaliate!
You headbutt the giant cockroach!
You kill the giant cockroach!
The gnoll hits you from afar with a +1 halberd of protection.
* * * LOW HITPOINT WARNING * * *
There is a stone staircase leading up here.
The gnoll hits you from afar with a +1 halberd of protection!
You die...

#..............#
###.######.#.#.#
#.# #.#.#.# #.#
#.#.#.# #.#
#.#.#.# #.#
#.#.#.# #.#
#g#.#.## ..
#......#
#.#@####
#......#
#......#
########


You could see a gnoll.

Vanquished Creatures
  2 gnolls (D:2)
  5 ball pythons
  4 endoplasms
  2 giant cockroaches (D:2)
  2 jackals (D:1)
  A quokka (D:1)
  5 bats
  A frilled lizard (D:1)
22 creatures vanquished.

Notes
Turn   | Place    | Note
-------+----------+-------------------------------------------
     0 | D:1      | crazypyro the Minotaur Fighter began the quest for the Orb.
     0 | D:1      | Reached XP level 1. HP: 19/19 MP: 0/0
   270 | D:1      | Found a faded altar of an unknown god.
   379 | D:1      | Reached XP level 2. HP: 25/27 MP: 1/1
   869 | D:2      | Reached XP level 3. HP: 7/33 MP: 2/2
   900 | D:2      | Slain by a gnoll

Illustrated notes

Levels and vault maps discovered:
D:1:      dpeg_arrival_rooms_c, layout_basic, chequers_ecumenical_altar_lobes,
          minmay_misc_feat_cross
D:2:      layout_basic

Skill      XL: |  1  2 |
---------------+-------+-----
Axes           | 3 |  3.4
Fighting       | 4 |  4.0
Shields        | 4 |  4.0
Armour         | 4 |  4.0

Action                   || total
-------------------------++-------
Melee: War axe           ||    52
       Headbutt          ||     6
Armor: Scale mail        ||    30
Dodge: Dodged            ||    40
Block: Buckler           ||    11
